Workbook

Sheet Start Here
AF19: `
A38: Overview of 2028-2032 Transportation Improvement Program programming approach
A39: The 2026-2030 Transportation Improvement Program (TIP) fully supports NWI 2050, NWI 2050+ and follows closely to NIRPC's previous TIP. Prior to the 2024-2028 TIP, working closely with the topical committees, NIRPC followed the following chart:
K62: 13 Investment Programs
A81: Transit - Operating Assistance Program
A82: Name of municipality or transit operator: | S82: Project location ► | U82: County
A83: Name of applicant on behalf of municipality or transit operator (ERC): | X83: Urbanized area? (y/n)
A84: Key milestones ▼ | Q84: Fill out ▼ | R84: Phone # ►
A85: 46304 | F85: Application for funding opens | R85: Email ►
A86: Now through October 28, 2026 | F86: Optional pre-application scoping meetings with NIRPC | R86: Road/trail name/other identifier ▼
A87: 46331 | F87: Applications for funding due by the End of Day
A88: November 4 - November 20, 2026 | F88: Internal review of projects by NIRPC | R88: Beginning limit
A89: November 23 - January 15, 2027 | F89: Projects reviewed, scored, and fiscally constrained by topical committees | R89: Ending limit
A90: 46420 | F90: Final draft reviewed by TPC; window for iteration/revisions if necessary | Q90: ▼-------------------------------------- For NIRPC use -------------------------------------▼ | R90: Project information summary ▼
A91: 46444 | F91: Draft TIP due to INDOT | R91: Primary program funds requested from ►
A92: January 18 - February 19, 2027 | F92: Air quality conformity modeling | R92: Primary project type ► | X92: =[1]Application!A19 -> 0
A93: February 24 - March 26, 2027 | F93: 30-day public comment period (NIRPC) | R93: Project description (Give a brief 3 sentence description of the project.)▼
A94: 46483 | F94: Final TIP presented to TPC for a Vote to Recommend
A95: 46492 | F95: Anticipated vote to adopt TIP by Commission
A96: Instructions for this application ▼
A97: 1) Input requested information in all cells that have a blue box around the cell; see example to the right ►
A99: 2) Most cells are locked to protect formulas and data validation. Cells with yellow boxes are for NIRPC use, or will auto calculate; see example to the right ►
R100: Project funding summary ▼
A101: 3) Green colored Tabs are worksheets that need information filled out by you in them. Blue colored Tabs are worksheets containing information, they do not have any boxes to be filled out. | R101: CN cost estimate | U101: =[1]Application!S6 -> 0 | W101: Overmatch? | Z101: =IF([1]Application!X16:Z16>0.2,"Y","N") -> N
R102: Federal share | U102: =[1]Application!S6-[1]Application!Y6 -> 0 | W102: Regionally significant? | Z102: =[1]Application!U48 -> 0
A103: 4) Be sure to confirm the project location is eligible for federal-aid; most FHWA project types and funding sources require the location to be on a federal-aid eligible roadway (see Maps link). | R103: PE/ROW cost estimate | U103: =[1]Application!W11 -> 0 | W103: Funding flex to FTA? | Z103: =[1]Application!H42 -> 0
R104: Project scoring summary ▼ | X104: Self | Y104: NIRPC | Z104: Final
A105: 5) Please provide as specific information as is possible, especially for project cost estimation, project scope, project limits, and if any capacity will be added to roadways. | R105: Asset Management | Y105: =[1]Application!Y139 -> 0 | Z105: =[1]Application!Z139 -> 0
R106: Access and Connections | Y106: =[1]Application!Y57 -> 0 | Z106: =[1]Application!Z57 -> 0
A107: 6) Review all tabs for important information for your application, including funding source availability and eligibility requirements to assist in scoping your project application (see Funding overview tab). | R107: Environmental Benefits | Y107: =[1]Application!Y73 -> 0 | Z107: =[1]Application!Z73 -> 0
R108: Economic Generation | Y108: =[1]Application!Y68 -> 0 | Z108: =[1]Application!Z68 -> 0
A109: 7) Review program and project types descriptions and decide on what program and project type you would like to apply for (see Program & Project tab). | R109: Local /Regional Plans & Policy Support | Y109: =SUM([1]Application!Y81:Y97) -> 0 | Z109: =SUM([1]Application!Z81:Z97) -> 0
R110: Partnerships/Collaborations | Y110: =SUM([1]Application!Y99:Y110) -> 0 | Z110: =SUM([1]Application!Z99:Z110) -> 0
A111: 8) Be sure to include the following on all applications: | R111: Project Readiness | Y111: =SUM([1]Application!Y112:Y121) -> 0 | Z111: =SUM([1]Application!Z112:Z121) -> 0
B112: a) Supporting documents for all questions. | R112: Safety | Y112: =[1]Application!Y128 -> 0 | Z112: =[1]Application!Z128 -> 0
B113: b) A completed des number request form. | R113: Social Equity | Y113: =[1]Application!Y133 -> 0 | Z113: =[1]Application!Z133 -> 0
B114: c) Cover letter with: | R114: Total of 100 possible ► | X114: =SUM(X105:X113) -> 0 | Y114: =SUM(Y105:Y113) -> 0 | Z114: =SUM(Z105:Z113) -> 0
C115: 1) Project description & location | R115: Other important project information ▼
C116: 2) Signature of highest elected official | R116: Project will need CMAQ eligibility determination (y/n) ► | Z116: =[1]Application!G41 -> 0
C117: 3) Total Project Costs (PE/RW/CN) and what funds are being asked for | R117: Project will need HSIP eligibility determination (y/n) ► | Z117: =[1]Application!G40 -> 0
C118: 4) Project Timeline
C119: 5) Acknowledgement of the requirement that the LPA must fund all future maintenance after the completion of the project.
A121: 9) If applying for HSIP funds,the following must be included.
B122: a) A completed Traffic Safety Asset Management Scoresheet - V26.4 which can be found at:
B123: https://www.in.gov/indot/traffic-engineering/traffic-guidance-documents/
B124: b) Commitment to complete a Road Safety Audit (if not already completed).
A125: 10) If applying for CMAQ funds, the following must be included:
B126: a) Acompleted CMAQ request form from NIRPC
B127: b) A completed CMAQ calculations worksheet from:
B128: https://www.fhwa.dot.gov/environment/air_quality/cmaq/toolkit/
A129: 11) Input all required information for your project application on the program specific tab and upload this completed application with supporting documents to NIRPC no later than Thursday November 5, 2026
A131: at: https://rtip.nirpc.org/secure2/login.asp
A132: Navigate to Amend CFP / Create a New Project / 26-99 CFP - Northwestern MPO . Fill out the information and submit it with you supporting douments (including this application).
A134: 12) If you have any questions, please do not hesitate to contact us, and arrange for a pre-application meeting before Wednesday October 9, 2026. NIRPC encourages all LPAs to meet with NIRPC staff to discuss their application.
A136: 13) Join us for a peer review of all projects on February 2nd, 2027 to support your project application.

Sheet Programming rules
A1: Roadway Modification Program
A2: NOFA Programming rules for projects funded with FHWA derived funds in the 2028-2032 Transportation Improvement Program:
A3: The programming rules below will govern the projects and funds awarded in the 2028-2032 NOFA. The rules will also assist in the management of the TIP, through amendments and/or modification, after it is adopted and approved by INDOT and USDOT. They are presented below to achieve a common understanding across UZAs, fund sources, and transportation modes.
A5: 1: | B5: Sponsoring agency must provide a letter of commitment on the sponsor’s letterhead signed by a fiduciary of the sponsor guaranteeing that their match will be available for each phase and year of the project.
A7: 2: | B7: The sponsor must have a current ADA transition and Title VI plan on file with INDOT as required for obligation of Federal funds.
A9: 3: | B9: NIRPC's Living Streets Planning and Design Guidelines ( https://www.in.gov/nirpc/environment/green-infrastructure-guidelines-for-complete-streets/) shall be followed. The guidelines give several ideas for potential inclusion of items of various costs and list exemptions.
A11: 4: | B11: Funding may be awarded for either the Preliminary Engineering (PE) or Right of Way (RW) phase of a project, but not both. Funding for PE or RW shall not exceed 7.5% of the total estimated construction costs, not including construction engineering (CE).
A13: 5: | B13: Construction phases of projects will be given first priority for funding. Only projects that have been awarded CN funding shall be eligible for PE or RW funding, subject to the following exceptions:
A15: 5a: | B15: A project that has a construction phase included in the current Metropolitan Transportation Plan will be eligible to receive PE or RW funding.
A17: 5b: | B17: If after awarding CN funds to the highest scoring projects, the remaining unawarded funds are insufficient to fund CN for the next highest scoring project, PE or RW may be awarded to a project. In so doing, this will create a legacy project that will receive selection priority in the next NOFA.
A19: 6: | B19: Projects must meet additional criteria and receive an eligibility determination to receive CMAQ or HSIP funding. Technical assistance from NIRPC will be available to determine eligibility for these funding sources.
A21: 6a: | B21: For CMAQ funding, please see
C22: Congestion Mitigation and Air Quality (CMAQ) Improvement Program | FHWA.
A23: 6b: | B23: For HSIP funding, please see
C24: Safety/ FHWA
A25: 7: | B25: FHWA funds are available to transit operators for capital items or preventative maintenance. Transit operators must submit an application for these items to compete for FHWA funds.
A27: 8: | B27: An application for a phased project must include:
B28: a | C28: A plan for phasing including a proposed schedule for future phases proposed schedule for future phases
B29: b | C29: An inflated cost estimate for each unfunded future phase
B30: c | C30: c. A financial plan for the entire project
B31: All phases must have independent utility.
A32: 9: | B32: CE is limited to 12.5% of the CN costs.
A34: 10: | B34: Project cost estimates should be uninflated and given in current year dollars except for phased projects that have phases outside of the current TIP. NIRPC staff will inflate all project costs according to the final programmed year. Project costs must include 15% for contingencies.
A36: 11: | B36: Any additional PE and/or RW funds awarded to a project above the originally programmed amount will be limited to no greater than 70% of the contracted amount for PE or the appraisers’ amount for RW.
A38: 12: | B38: Point values as stated in the questions are the only points allowed. No answer will be allowed partial points. Points are determined as the project currently exists, not a future version of the area.
A40: 13: | B40: A Legacy Project is either: 1) A project that has received funding for PE, ROW, and/or CN; 2) Subsequent phases of phased project in which earlier phases were funded through the TIP. Later phases of Legacy Projects submitted in subsequent NOFAs may be allowed to keep the original score if the LPA chooses.
A42: 14: | B42: Transformational Projects are larger projects that may or may not be broken into one or more phases. They may need Air Quality conformity determination and shall be scored separately from other projects; Transformational projects may be part of a suite of projects in a corridor and shall not encumber more than $10,000,000 in federal funds in any 2 year NOFA. They shall also include a financial plan for the entire suite.
A45: 15: | B45: The limit for federal funds for any Project (with the exception of a Transformational Project) in the Chicago IL-IN and Valpo-Shorewood urban areas is $6,000,000 combined for CN and CE.
A47: 16: | B47: MPA vs. UZA use of funds. Funds associated with the Chicago IL-IN and Valparaiso-Shorewood Forest urban areas will be awarded only to projects within those UZAs. Funds associated with the MI City-La Porte UZA will only be awarded to projects within that UZA. An exception can be made to loan funds between UZAs:
A49: 17: | B49: NIRPC will typically fund one bridge rehab project annually in each county.
A52: TIP Programming rules for projects funded with FHWA derived funds in the 2028-2032 Transportation Improvement Program:
A53: The programming rules below will govern the funds and the projects programed in the 2028-2032 TIP. The rules assist in the management of the TIP, through amendments and/or modification, after it is adopted and approved by INDOT and USDOT. They are presented below to achieve a common understanding across UZAs, fund sources, and transportation modes.
A55: 1: | B55: If funding for PE or RW is awarded by NIRPC, that phase must start within the fiscal year in which it is programmed. If the sponsor cannot show that this phase has begun within this time frame, the entire project may lose its funding. The intent is for the sponsor to begin the project and work towards the targeted letting date, so that all programmed funds are obligated and not lapsed. FHWA guidelines must be followed for all projects awarded federal funds. See https://www.fhwa.dot.gov/federalaid/150311.cfm.
A58: 2: | B58: The project must let in the fiscal year that it is programmed. The letting will be allowed to move to the next available year that there is available funding within the existing five-year TIP. If a project is moved outside of the TIP, that project must reapply in the next NOFA for future funding, as a legacy project. Projects are preferred to be scheduled for a letting in Quarter 1 or 2 of the fiscal year to minimize any risk to the schedule.
A60: 3: | B60: A project as submitted in a NOFA should not change its scope in such a way that it appears to be an entirely different project. All changes must follow the Project Substitution & Scope Change Guidelines as approved by TROC. Project changes allowed by TROC include: 1) Changes in the project’s limits, upon approval of the Transportation Resources Oversight Committee (TROC). 2) Downsizing the scope, or phasing the project provided the overall funding request does not increase (future phases will have to compete in future NOFAs). Other changes will be referred to the appropiate topical committee for determination. Once a project is awarded, the funds programmed to that project shall remain with that project for the year in which it is programmed. If the project is eliminated or suspended by the Sponsor, the funds will be reprogrammed by TROC.
A65: 4: | B65: During construction, Change Orders will be limited to $100,000 per project, depending upon available funds. Change Orders of $100,000 or greater, or the accumulated total of multiple Change Orders for any project equal or greater than $100,000, will be subject to TROC approval.
A67: 5a: | B67: For Group 1: An amount of $240,000 per year will be set aside for PE and RW for projects with construction phases in future TIPs. These funds will be set aside beginning with the third year of the TIP.
A69: 5b: | B69: For Group 2: An amount of $26,000 per year will be set aside for PE and RW for projects with construction phases in future TIPs. These funds will be set aside beginning with the third year of the TIP.
A71: 6: | B71: If a project involves modification on an INDOT managed intersection or roadway, the funding from NIRPC for CN on the roadway shall not exceed 40/45% of the total construction costs. This equates to 80% of 50% of the cost of construction for the project. (For HSIP eligible projects this will be increased to 90% of 50% of the total construction costs.) The LPA shall be responsible for securing the remainder of the funding (through INDOT or other parties) for the work as presented in the scope. PE & RW on the project will be eligible for funding at the regular rate.
A74: 7: | B74: If an LPA presents a letter of support from a private or public entity with a financial dollar amount, the LPA must show where those funds will be used and NIRPC will take these funds into account with all additional requests for funds.
A76: 8: | B76: All LPAs with projects in the TIP are required to complete, in a timely manner, Quarterly Reports and to participate in Local Quarterly Meetings as set up by NIRPC. These meetings and reports are required by federal regulations. Failure to complete at least three reports annually and participate in three quarterly meetings annually could result in loss of funding for future projects.
A79: Programming rules for projects funded with FTA derived funds in the 2028-2032 Transportation Improvement Program:
A80: The programming rules below will govern the funds awarded in the 2028-2032 TIP. The rules will also assist in the management of the TIP, through amendments and/or modification, after it is adopted and approved by INDOT and USDOT. They are presented below to achieve a common understanding across UZAs, fund sources, and transportation modes.
A82: 1: | B82: Transit vehicles (some rules may only apply to NIRPC subrecipients): 1)If an operator has more than one vehicle that has met the end of its useful life, they may choose to swap the priorities of the vehicles only if the vehicle swapped has a lower-rated condition assessment.2) NIRPC will not submit any vehicle replacement into a grant unless it is confirmed that the vehicle will meet the end of its useful life within the following calendar year. 3) Preliminary specifications on vehicle replacements and capital purchases are due before FTA grant submissions and/or TIP applications. 4) NIRPC will not program any vehicle replacement for a sub-recipient into the TIP unless it is part of the Indiana State QPA or an identified state cooperative agreement. 5) NIRPC will not submit any vehicles for early replacement to FTA if none of the vehicle’s systems have been rated as “inoperable,” or a “0” condition assessmen 6) Operators will have to submit an annual condition assessment for every vehicle in their fleet, failure to submit a condition assessment will result in no TIP awards or grant executions for an operator’s vehicle replacements. 7) Vehicles will not be replaced after the cap of 5307 funding designated in the TAM plan for vehicle replacements has been reached, with th following exception: Addditional 5307 funding above the cap may be programmed for vehicle replacement, if it allows the small transit providers to meet the goals set in the TAM plan.
A90: 2: | B90: Late or missing data submissions may result in denial of programming of federal funds. Including: National Transit Database (NTD); Annual List of Obligated Projects (ALOP); Other subrecipient reporting to NIRPC: Vehicle Usage & Accident, Drug & Alcohol Testing, Disadvantage Business Enterprise Report, Preventive Maintenance Reporting, Operating Assistance Financial Report, Capital Cost of Contracting Financial Report, Income Financial Report, ADA Review Documentation, Biennial Review Documentation, Certifications and Assurance Compliance, Availability of Local Match Annual Report, Triennial Review Documentation, State Board of Accounts Audit, and Procurement Documentation.
A94: 3: | B94: Funding programmed in the TIP that is not obligated in an FTA approved grant two years after the original programming year will be made available in the following NOFA, recompeted, and reprogrammed to avoid lapsing funds.
A96: 4: | B96: If an operator does not have enough local match to replace multiple vehicles that have met their ULB in a single year, the operator may choose to delay the replacement of one or more vehicles to a later year, advancing the priority of all other replacements, provided the group can maintain its ULB thresholds.
A98: 5: | B98: Pursuant to FTA regulations, operators may not receive operating assistance funds valued in excess of their proportional share of Vehicle Revenue Hours as a percentage of a maximum of 75% of a single year’s total 5307 apportionment. The maximum Section 5307 funding programmed for Operating Assistance to any operator will not be programmed in excess of the maximum amount of Section 5307 operating assistance allowed in FTA Table 3A.
A100: 6: | B100: Operators seeking FHWA CMAQ funds to pilot new transit service understand that the funds are for startup service and that it is the responsibility of the operator to secure future operating funds to sustain the transit service.
A102: 7: | B102: If an operator has reduced or eliminated service in one part of their service area and has applied for a CMAQ funding for a service expansion in another part of their service area, the operator may be asked to provide a demonstration of how the saved revenue from the reduced service has been redistributed to the rest of their service area. Additionally, the operator may be asked to include documentation on how the new expansion will differ from the service that needed to be cut.
A105: 8: | B105: Operators are expected to spend down obligated carryover in grants, and unobligated carryover not yet in a grant, before requesting new funds from the most recent apportionment through the “split letter” process. An operator's existing balance of obligated and unobligated carryover will be used to meet the total funding request of projects identified in the TIP, before new funds will be “split” to the operator. This means that if an operator has identified $100,000 of operational funds in the current year of the TIP, and they have a carryover balance of $10,000 unobligated carryover and $20,000 of funds obligated in an operations grant; the operator would only receive $70,000 of new year funding. A carryover balance equal to half of a year’s worth of operating expenses will be maintained regionally for stop-gap funding purposes should the federal appropriation be unexpectedly reduced.
A108: 9: | B108: All funding requests should be uninflated and given in FY 2027 (current) dollars. NIRPC staff will inflate all funding according to historic spending and the final programmed year.

Sheet Funding overview
A1: Overview of available funds: | I1: Estimated funding from the Federal Transit Administration for the 2028 - 2032 Transportation Improvement Program:
A2: Northwestern Indiana receives funding from the Federal Highway and Transit Administrations to fund surface transportation improvements in Lake, LaPorte, and Porter Counties. NIRPC, as the Metropolitan Planning Organization for the three county region, is charged with programming the funds into a Transportation Improvement Program (TIP) in compliance with federal regulations and consistency with the air quality conforming long-range plan for the region. The 2028-2032 TIP is scheduled to be adopted by the Commission in April 2027 and will be consistent with the air quality conforming NWI 2050+ Metropolitan Transportation Plan. The conformity determination is estimated to be completed by early March 2027 before the 2028-2032 TIP is released for public comment on February 24 for a 30-day public comment period. The funding available for programming is allocated to either the Chicago, Michigan City, or the Valparaiso Shorewood Forest urbanized areas (UZAs). Each funding source comes with eligibility requirements, and these may include how the funds may be used, and in the case of CMAQ and HSIP funds, additional demonstrations of eligibility will be required before being approved for programming into the TIP. On this page and the next is an estimate of how much is available for programming for the 2028-2032 TIP. Each funding source has been targeted for programming in one of thirteen unique investment programs. The investment programs are composed of federally eligible project types. Each of the project types have been evaluated for their impact on each of the critical paths to achieve the visions of NWI 2050+. The project types were ranked by score and funding targets identified. | I2: *Fund calculations prior to 2025 were computed using split letters to confirm actual funding allocations rather than TIP estimates. Values may differ from the TIP. | P2: Chicago UZA | X2: MC UZA | Z2: Valparaiso - SF UZA | AB2: Funds provided by FTA may be carried over for three years, if they have not already been obligated in the current fiscal year. If funds are not obligated within three years, they will lapse and revert back to FTA. Therefore, older funds are always obligated before current year funds. Regardless of the year the funds come from, before they can be obligated in a grant, they must be programmed into the current year of the TIP.
P4: 5307 | R4: 5310 | T4: 5337 | V4: 5339 | X4: 5307 | Z4: 5307
I5: 2027
I6: Estimated annual allocation: | P6: 11757206 | R6: 641223 | T6: 20826882 | V6: 431936 | X6: 2729923 | Z6: 951324
I7: Already programmed from prior TIP (2025): | P7: =P6 -> 11757206 | R7: =R6 -> 641223 | T7: =T6 -> 20826882 | V7: =V6 -> 431936 | X7: =X6 -> 2729923 | Z7: =Z6 -> 951324
I8: Estimated available for programming: | P8: =P6-P7 -> 0 | R8: =R6-R7 -> 0 | T8: =T6-T7 -> 0 | V8: =V6-V7 -> 0 | X8: =X6-X7 -> 0 | Z8: =Z6-Z7 -> 0
I9: 2028
I10: Estimated annual allocation: | P10: =P6*1.018 -> 11968836 | R10: =R6*1.018 -> 652765.01 | T10: =T6*1.018 -> 21201766 | V10: =V6*1.018 -> 439710.85 | X10: =X6*1.018 -> 2779061.6 | Z10: =Z6*1.018 -> 968447.83
I11: Already programmed from prior TIP (2026): | P11: =P10 -> 11968836 | R11: =R10 -> 652765.01 | T11: =T10 -> 21201766 | V11: =V10 -> 439710.85 | X11: =X10 -> 2779061.6 | Z11: =Z10 -> 968447.83
I12: Estimated available for programming: | P12: =P10-P11 -> 0 | R12: =R10-R11 -> 0 | T12: =T10-T11 -> 0 | V12: =V10-V11 -> 0 | X12: =X10-X11 -> 0 | Z12: =Z10-Z11 -> 0
I13: 2029
I14: Estimated annual allocation: | P14: =P10*1.018 -> 12184275 | R14: =R10*1.018 -> 664514.78 | T14: =T10*1.018 -> 21583398 | V14: =V10*1.018 -> 447625.64 | X14: =X10*1.018 -> 2829084.7 | Z14: =Z10*1.018 -> 985879.89
I15: Already programmed from prior TIP (2027): | P15: =P14 -> 12184275 | R15: =R14 -> 664514.78 | T15: =T14 -> 21583398 | V15: =V14 -> 447625.64 | X15: =X14 -> 2829084.7 | Z15: =Z14 -> 985879.89
I16: Estimated available for programming: | P16: =P14-P15 -> 0 | R16: =R14-R15 -> 0 | T16: =T14-T15 -> 0 | V16: =V14-V15 -> 0 | X16: =X14-X15 -> 0 | Z16: =Z14-Z15 -> 0
I17: 2030
I18: Estimated annual allocation: | P18: =P14*1.018 -> 12403592 | R18: =R14*1.018 -> 676476.05 | T18: =T14*1.018 -> 21971899 | V18: =V14*1.018 -> 455682.9 | X18: =X14*1.018 -> 2880008.2 | Z18: =Z14*1.018 -> 1003625.7
I19: Already programmed from prior TIP (2028): | P19: =P18 -> 12403592 | R19: =R18 -> 676476.05 | T19: =T18 -> 21971899 | V19: =V18 -> 455682.9 | X19: =X18 -> 2880008.2 | Z19: =Z18 -> 1003625.7
I20: Estimated available for programming: | P20: =P18-P19 -> 0 | R20: =R18-R19 -> 0 | T20: =T18-T19 -> 0 | V20: =V18-V19 -> 0 | X20: =X18-X19 -> 0 | Z20: =Z18-Z19 -> 0
I21: 2031
I22: Estimated annual allocation: | P22: =P18*1.018 -> 12626856 | R22: =R18*1.018 -> 688652.62 | T22: =T18*1.018 -> 22367393 | V22: =V18*1.018 -> 463885.2 | X22: =X18*1.018 -> 2931848.4 | Z22: =Z18*1.018 -> 1021691
I23: Already programmed from prior TIP (2029): | P23: 0 | R23: 0 | T23: 0 | V23: 0 | X23: =X22 -> 2931848.4 | Z23: =Z22 -> 1021691
I24: Estimated available for programming: | P24: =P22 -> 12626856 | R24: =R22-R23 -> 688652.62 | T24: =T22-T23 -> 22367393 | V24: =V22-V23 -> 463885.2 | X24: =X22-X23 -> 0 | Z24: =Z22-Z23 -> 0
I25: 2032
I26: Estimated annual allocation: | P26: =P22*1.016 -> 12828886 | R26: =R22*1.016 -> 699671.06 | T26: =T22*1.016 -> 22725271 | V26: =V22*1.016 -> 471307.36 | X26: =X22*1.016 -> 2978758 | Z26: =Z22*1.016 -> 1038038.1
I27: Already programmed from prior TIP (2030): | P27: 0 | R27: 0 | T27: 0 | V27: 0 | X27: =X26 -> 2978758 | Z27: =Z26 -> 1038038.1
I28: Estimated available for programming: | P28: =P26-P27 -> 12828886 | R28: =R26-R27 -> 699671.06 | T28: =T26-T27 -> 22725271 | V28: =V26-V27 -> 471307.36 | X28: =X26-X27 -> 0 | Z28: =Z26-Z27 -> 0
I29: Total estimated funding available for programming: | P29: =SUM(P8,P12,P16,P20,P24,P28,P32) -> 25455742 | R29: =SUM(R8,R12,R16,R20,R24,R28,R32) -> 1388323.7 | T29: =SUM(T8,T12,T16,T20,T24,T28,T32) -> 45092664 | V29: =SUM(V8,V12,V16,V20,V24,V28,V32) -> 935192.56 | X29: =SUM(X8,X12,X16,X20,X24,X28,X32) -> 0 | Z29: =SUM(Z8,Z12,Z16,Z20,Z24,Z28,Z32) -> 0 | AB29: =SUM(P29:AA29) -> 72871923
Z30: =Z26*1.06 -> 1100320.3
Z31: =Z30 -> 1100320.3
Z32: =Z30-Z31 -> 0
AG33: =AB29+S67+AH67 -> 1.3051967e+08
A35: Estimated funding from the Federal Highway Administration for the 2028 - 2032 Transportation Improvement Program:
F36: Chicago UZA & Valparaiso-SF UZA (combined) | U36: Michigan City UZA | AJ36: Funds provided to Northwestern Indiana by FHWA, through INDOT, must be obligated in the current fiscal year or they are forfeited back to FHWA and INDOT for potential use elsewhere in the state or nation. In fiscal years where deficits exist in a funding source they are balanced by surpluses in other sources.
G37: STBG | I37: CMAQ | K37: HSIP | M37: TA | O37: CRP | Q37: PROTECT | S37: Totals | V37: STBG | X37: CMAQ | Z37: HSIP | AB37: TA | AD37: CRP | AF37: PROTECT | AH37: Totals
A38: 2028
A39: Estimated annual allocation: | G39: 18327456 | I39: 4902173 | K39: 2276775 | M39: 2081030 | O39: 1815739 | Q39: 264961 | S39: =SUM(G39:R39) -> 29668134 | V39: 3958970 | X39: 668565 | Z39: 262540 | AB39: 239968 | AD39: 209377 | AF39: 30553 | AH39: =SUM(V39:AG39) -> 5369973
A40: Already programmed from prior TIP: | G40: 20518086 | I40: 4316619 | K40: 0 | M40: 4241529 | O40: 0 | Q40: 0 | S40: =SUM(G40:R40) -> 29076234 | V40: 4513265 | X40: 215000 | Z40: 0 | AB40: 330000 | AD40: 0 | AF40: 240000 | AH40: =SUM(V40:AE40) -> 5058265
A41: Set aside for change orders: | G41: 350000 | I41: 0 | K41: 0 | M41: 0 | O41: 0 | Q41: 0 | S41: =SUM(G41:R41) -> 350000 | V41: 0 | X41: 0 | Z41: 0 | AB41: 0 | AD41: 0 | AF41: 0 | AH41: =SUM(V41:AE41) -> 0
A42: Available for PE/ROW: | G42: 0 | I42: 0 | K42: 0 | M42: 0 | O42: 0 | Q42: 0 | S42: =SUM(G42:R42) -> 0 | V42: 0 | X42: 0 | Z42: 0 | AB42: 0 | AD42: 0 | AF42: 0 | AH42: =SUM(V42:AE42) -> 0
A43: Est. avail. after fund source deficits: | G43: =SUM(G39-G40-G41-G42) -> -2540630 | I43: =SUM(I39-I40-I41) -> 585554 | K43: =SUM(K39-K40-K41) -> 2276775 | M43: =SUM(M39-M40-M41) -> -2160499 | O43: =SUM(O39-O40-O41) -> 1815739 | Q43: =SUM(Q39-Q40-Q41) -> 264961 | S43: =SUM(G43:R43) -> 241900 | V43: =SUM(V39-V40-V41) -> -554295 | X43: =SUM(X39-X40-X41) -> 453565 | Z43: =SUM(Z39-Z40) -> 262540 | AB43: =SUM(AB39-AB40) -> -90032 | AD43: =SUM(AD39-AD40) -> 209377 | AF43: =SUM(AF39-AF40) -> -209447 | AH43: =SUM(V43:AG43) -> 71708
A44: 2029
A45: Estimated annual allocation: | G45: 14891456 | I45: =I39 -> 4902173 | K45: =K39 -> 2276775 | M45: =M39 -> 2081030 | O45: =O39 -> 1815739 | Q45: =Q39 -> 264961 | S45: =S39 -> 29668134 | V45: 1030970 | X45: 668565 | Z45: 262540 | AB45: 239968 | AD45: 209377 | AF45: 30553 | AH45: =SUM(V45:AG45) -> 2441973
A46: Already programmed from prior TIP: | G46: 18202894 | I46: 3678893 | K46: 160000 | M46: 0 | O46: 0 | Q46: 1000000 | S46: =SUM(G46:R46) -> 23041787 | V46: 1761557 | X46: 637000 | Z46: 0 | AB46: 0 | AD46: 0 | AF46: 0 | AH46: =SUM(V46:AG46) -> 2398557
A47: Set aside for change orders: | G47: 350000 | I47: 0 | K47: 0 | M47: 0 | O47: 0 | Q47: 0 | S47: =SUM(G47:R47) -> 350000 | V47: 0 | X47: 0 | Z47: 0 | AB47: 0 | AD47: 0 | AF47: 0 | AH47: =SUM(V47:AG47) -> 0
A48: Available for PE/ROW: | G48: 240000 | I48: 0 | K48: 0 | M48: 0 | O48: 0 | Q48: 0 | S48: =SUM(G48:R48) -> 240000 | V48: 26000 | X48: 0 | Z48: 0 | AB48: 0 | AD48: 0 | AF48: 0 | AH48: =SUM(V48:AG48) -> 26000
A49: Est. avail. after fund source deficits: | G49: =SUM(G45-G46-G47-G48) -> -3901438 | I49: =SUM(I45-I46-I47-I48) -> 1223280 | K49: =SUM(K45-K46-K47-K48) -> 2116775 | M49: =SUM(M45-M46-M47-M48) -> 2081030 | O49: =SUM(O45-O46-O47-O48) -> 1815739 | Q49: =SUM(Q45-Q46-Q47-Q48) -> -735039 | S49: =SUM(S45-S46-S47-S48) -> 6036347 | V49: =SUM(V45-V46-V48) -> -756587 | X49: =SUM(X45-X46-X47) -> 31565 | Z49: =SUM(Z45-Z46) -> 262540 | AB49: =SUM(AB45-AB46) -> 239968 | AD49: =SUM(AD45-AD46) -> 209377 | AF49: =SUM(AF45-AF46) -> 30553 | AH49: =SUM(V49:AG49) -> 17416
A50: 2030
A51: Estimated annual allocation: | G51: 14727456 | I51: 4902173 | K51: 2276775 | M51: 2081030 | O51: 1815739 | Q51: 264961 | S51: =S45*1.02 -> 30261497 | V51: 1594970 | X51: 668565 | Z51: 262540 | AB51: 239968 | AD51: 209377 | AF51: 30553 | AH51: =SUM(V51:AG51) -> 3005973
A52: Already programmed from prior TIP: | G52: 18006930 | I52: 7386042 | K52: 3000000 | M52: 1422450 | O52: 0 | Q52: 0 | S52: =SUM(G52:R52) -> 29815422 | V52: 1600556 | X52: 0 | Z52: 0 | AB52: 0 | AD52: 0 | AF52: 0 | AH52: =SUM(V52:AG52) -> 1600556
A53: Set aside for change orders: | G53: 350000 | I53: 0 | K53: 0 | M53: 0 | O53: 0 | Q53: 0 | S53: =SUM(G53:R53) -> 350000 | V53: 0 | X53: 0 | Z53: 0 | AB53: 0 | AD53: 0 | AF53: 0 | AH53: =SUM(V53:AG53) -> 0
A54: Set aside for PE/ROW: | G54: 240000 | I54: 0 | K54: 0 | M54: 0 | O54: 0 | Q54: 0 | S54: =SUM(G54:R54) -> 240000 | V54: 26000 | X54: 0 | Z54: 0 | AB54: 0 | AD54: 0 | AF54: 0 | AH54: =SUM(V54:AG54) -> 26000
A55: Est. avail. after fund source deficits: | G55: =SUM(G51-G52-G53-G54) -> -3869474 | I55: =SUM(I51-I52) -> -2483869 | K55: =SUM(K51-K52) -> -723225 | M55: =SUM(M51-M52) -> 658580 | O55: =SUM(O51-O52) -> 1815739 | Q55: =SUM(Q51-Q52) -> 264961 | S55: =SUM(G55:R55) -> -4337288 | V55: =SUM(V51-V52-V53-V54) -> -31586 | X55: =SUM(X51-X52-X53-X54) -> 668565 | Z55: =SUM(Z51-Z52-Z53-Z54) -> 262540 | AB55: =SUM(AB51-AB52-AB53-AB54) -> 239968 | AD55: =SUM(AD51-AD52-AD53-AD54) -> 209377 | AF55: =SUM(AF51-AF52-AF53-AF54) -> 30553 | AH55: =SUM(V55:AG55) -> 1379417
A56: 2031
A57: Estimated annual allocation: | G57: =G45 -> 14891456 | I57: =I51 -> 4902173 | K57: =K51 -> 2276775 | M57: =M51 -> 2081030 | O57: =O51 -> 1815739 | Q57: =Q51 -> 264961 | S57: =SUM(G57:R57) -> 26232134 | V57: 1594970 | X57: 668565 | Z57: 262540 | AB57: 239968 | AD57: 209377 | AF57: 30553 | AH57: =SUM(V57:AG57) -> 3005973
A58: Already programmed from prior TIP: | V58: 3005970
A59: Set aside for change orders: | G59: 350000 | I59: 0 | K59: 0 | M59: 0 | O59: 0 | Q59: 0 | S59: =SUM(G59:P59) -> 350000 | X59: 0 | Z59: 0 | AB59: 0 | AD59: 0 | AF59: 0 | AH59: =SUM(V59:AG59) -> 0
A60: Set aside for PE/ROW: | G60: 240000 | I60: 0 | K60: 0 | M60: 0 | O60: 0 | Q60: 0 | S60: =SUM(G60:P60) -> 240000 | V60: 26000 | X60: 0 | Z60: 0 | AB60: 0 | AD60: 0 | AF60: 0 | AH60: =SUM(V60:AG60) -> 26000
A61: Est. avail. after fund source deficits: | G61: =SUM(G57-G59-G60) -> 14301456 | I61: =I57 -> 4902173 | K61: =K57 -> 2276775 | M61: =M57 -> 2081030 | O61: =O57 -> 1815739 | Q61: =Q57 -> 264961 | S61: =SUM(G61:R61) -> 25642134 | V61: =SUM(V57-V58-V59-V60) -> -1437000 | X61: =SUM(X57-X59-X60) -> 668565 | Z61: =SUM(Z57-Z59-Z60) -> 262540 | AB61: =SUM(AB57-AB59-AB60) -> 239968 | AD61: =SUM(AD57-AD59-AD60) -> 209377 | AF61: =SUM(AF57-AF59-AF60) -> 30553 | AH61: =SUM(V61:AG61) -> -25997
A62: 2032
A63: Estimated annual allocation: | G63: =G45 -> 14891456 | I63: =I57 -> 4902173 | K63: =K57 -> 2276775 | M63: =M57 -> 2081030 | O63: =O57 -> 1815739 | Q63: =Q57 -> 264961 | S63: =SUM(G63:R63) -> 26232134 | V63: 1594970 | X63: 668565 | Z63: 262540 | AB63: 239968 | AD63: 209377 | AF63: 30553 | AH63: =SUM(V63:AG63) -> 3005973
A64: Set aside for change orders: | G64: 350000 | I64: 0 | K64: 0 | M64: 0 | O64: 0 | Q64: 0 | S64: =SUM(G64:P64) -> 350000 | V64: =V63*U64 -> 0 | X64: 0 | Z64: 0 | AB64: 0 | AD64: 0 | AF64: 0 | AH64: =SUM(V64:AG64) -> 0
A65: Set aside for PE/ROW: | G65: 240000 | I65: 0 | K65: 0 | M65: 0 | O65: 0 | Q65: 0 | S65: =SUM(G65:P65) -> 240000 | V65: 26000 | X65: 0 | Z65: 0 | AB65: 0 | AD65: 0 | AF65: 0 | AH65: =SUM(V65:AG65) -> 26000
A66: Estimated available for programming: | G66: =SUM(G63-G64-G65) -> 14301456 | I66: =I63 -> 4902173 | K66: =K63 -> 2276775 | M66: =M63 -> 2081030 | O66: =O63 -> 1815739 | Q66: =Q63 -> 264961 | S66: =SUM(G66:R66) -> 25642134 | V66: =SUM(V63-V64-V65) -> 1568970 | X66: =SUM(X63-X64-X65) -> 668565 | Z66: =SUM(Z63-Z64-Z65) -> 262540 | AB66: =SUM(AB63-AB64-AB65) -> 239968 | AD66: =SUM(AD63-AD64-AD65) -> 209377 | AF66: =SUM(AF63-AF64-AF65) -> 30553 | AH66: =SUM(V66:AG66) -> 2979973
A67: Total estimated funding available for programming: | G67: =G61+G66 -> 28602912 | I67: =I61+I66 -> 9804346 | K67: =K61+K66 -> 4553550 | M67: =M61+M66 -> 4162060 | O67: =O61+O66 -> 3631478 | Q67: =Q61+Q66 -> 529922 | S67: =S43+S49+S55+S61+S66 -> 53225227 | V67: =V61+V66 -> 131970 | X67: =X61+X66 -> 1337130 | Z67: =Z61+Z66 -> 525080 | AB67: =AB61+AB66 -> 479936 | AD67: =AD61+AD66 -> 418754 | AF67: =AF61+AF66 -> 61106 | AH67: =AH43+AH49+AH55+AH61+AH66 -> 4422517
A69: Funding Source Descriptions
A70: All funding is in accordance with the Infrastructure Investment & Jobs Act (IIJA). Please see websites for updated information & guidance.
A71: Surface Transportation Block Grant (STBG) | P71: More information: | S71: https://www.fhwa.dot.gov/bipartisan-infrastructure-law/stbg.cfm
A72: STBG provides flexible funding for projects to preserve and improve the conditions and performance on any Federal-aid highway, bridge and tunnel projects on any public road, pedestrian and bicycle infrastructure, and transit capital projects, including intercity bus terminals. | P72: Projects awarded with STBG require a minimum 20% match by the project sponsor for all project phases. All projects must be on the federal-aid network, except for multi-use off-road trails that do not allow motorized transportation, including electric scooters.
A75: Congestion Mitigation Air Quality (CMAQ) | P75: More information: | S75: https://www.fhwa.dot.gov/bipartisan-infrastructure-law/cmaq.cfm
A76: CMAQ provides a flexible funding source for transportation projects and programs to help meet the requirements of the Clean Air Act. Funding is available to reduce congestion and improve air quality for areas that do not meet standards for ozone, carbon monoxide, or particulate matter. Projects or programs must demonstrate an air quality benefit. | P76: Projects awarded with CMAQ require a minimum 20% match by the project sponsor for all project phases. CMAQ funds used to support transit operational costs are time-limited and are meant to help start service and eventually cover costs without a CMAQ subsidy. More information: https://www.fhwa.dot.gov/environment/air_quality/cmaq/policy_and_guidance/cmaq13ig.cfm
A80: Highway Safety Improvement Program (HSIP) | P80: More information: | S80: https://www.fhwa.dot.gov/bipartisan-infrastructure-law/hsip.cfm
A81: HSIP provides funding to achieve a significant reduction in traffic fatalities and serious injuries on all public roads. The HSIP requires a data-driven, strategic approach to improving highway safety on all public roads that focuses on performance. Projects must also be consistent with the INDOT's Strategic Highway Safety Plan (SHSP). | P81: Projects awarded with HSIP require a minimum 10% match by the project sponsor for all project phases. Project applicants should reference high crash locations in Northwestern Indiana and also reference INDOT's SHSP here: https://www.in.gov/indot/files/shsp.pdf
A85: Carbon Reduction Program (CRP) | P85: More information: | S85: https://www.fhwa.dot.gov/bipartisan-infrastructure-law/crp_fact_sheet.cfm
A86: CRP provides additional funding for projects and activities that are eligible under (FHWA) CMAQ, TA, & (FTA) 5339. Carbon reduction activities such as street lighting & signal moderization (to energy efficient LED), alternative fuel vehicles & infrastructure, non-motorized trail facilities, and improved traffic flow items, among others. | P86: Projects awarded with CRP require a minimumm 20% match by the project sponsor for all project phases.
A90: Transportation Alternatives (TA) | P90: More information: | S90: https://www.fhwa.dot.gov/bipartisan-infrastructure-law/ta.cfm
A91: TA provides funding for all projects and activities that were previously eligible under TAP, encompassing a variety of smaller-scale transportation projects such as pedestrian and bicycle facilities, safe routes to school projects, and vegetation management, and environmental mitigation related to stormwater and habitat connectivity. | P91: Projects awarded with TA require a minimum 20% match by the project sponsor for all project phases. TA funds may be used off the federal-aid network for Safe Routes to School projects to improve connectivity to K-8 schools.
A95: Promoting Resilient Operations for Transformative, Efficient & Cost-Saving Transportation (PROTECT) | P95: More information: | S95: https://www.fhwa.dot.gov/bipartisan-infrastructure-law/protect_fact_sheet.cfm
A96: PROTECT provides funding for climate resiliency planning, engineering, design, or construction of projects in an existing plan that involve adapting existing transportation infrastructure or new construction to keep communities safe by bolstering infrastructure’s ability to withstand extreme weather events and other physical hazards that are becoming more common and intense. Examples could include flood resilience and/or response plans, green infrastructure or nature based solutions to help buffer against weather events, improvements to infrastructure, to plan for transportation assistance in underrepresented communities during natural disasters. | P96: Projects awarded with PROTECT require a minimum 20% match by the project sponsor for all project phases. PROTECT funds may be used off the federal-aid network for climate mitigation projects and for green infrastructure.
A102: 5307 | Urbanized Area Formula Grants | P102: More information: | S102: https://www.transit.dot.gov/funding/grants/urbanized-area-formula-grants-5307
A103: 5307 provides funding to public transit systems in Urbanized Areas (UZA) for public transportation capital, planning, job access and reverse commute projects, as well as operating expenses in certain circumstances. | P103: Projects awarded with 5307 for capital require a 20% match by the project sponsor. For operations there is a 50% match required and operational funds are limited based on UZA population and number of vehicles operated. For vehicle-related equipment attributable to compliance with the Americans with Disabilities Act the match may be 10%.
A106: 5310 | Enhanced Mobility of Seniors & Individuals with Disabilities | P106: More information:
A107: 5310 provides formula funding for the purpose of assisting private nonprofit groups in meeting transportation needs of the elderly and persons with disabilities. Use of the funds must be consistent with the Coordinated Human Services Transportation Plan. | P107: https://www.transit.dot.gov/funding/grants/enhanced-mobility-seniors-individuals-disabilities-section-5310
P108: Projects awarded with 5310 for capital purposes require a 20% match by the project sponsor. For operations there is a 50% match required by the project sponsor.
A110: 5337 | State of Good Repair Grants | P110: More information: | S110: https://www.transit.dot.gov/funding/grants/state-good-repair-grants-5337
A111: 5337 provides capital assistance for maintenance, replacement, and rehabilitation projects of existing high-intensity fixed guideway and motorbus systems to maintain a state of good repair. Additionally, SGR grants are eligible for developing and implementing Transit Asset Management plans. | P111: Projects awarded with 5337 require a 20% match by the project sponsor.
A114: 5339 | Grants for Buses and Bus Facilities Formula Program | P114: More information: | S114: https://www.transit.dot.gov/funding/grants/busprogram
A115: 5339 provides funding to states transit agencies through a statutory formula to replace, rehabilitate and purchase buses and related equipment and to construct bus-related facilities. | P115: Projects awarded with 5339 require a 20% match by the project sponsor. The Federal share may exceed 80% for certain projects related to the ADA, the Clean Air Act (CAA), and certain bicycle projects.

Sheet Program & project types
A1: Critical paths to achieve the four visions of the NWI 2050 Plan
A2: The 2026-2030 Transportation Improvement Program programming approach aligns with the NWI 2050 Plan and federally required performance-based-planning regulations contained within the Infrastructure Improvement & Jobs Act. Transportation project types were identified in federal law, and each type was scored by NIRPC topical committees for their positive impacts on the sixteen critical paths to achieving the four vision statements identified in the NWI 2050 Plan. Funding targets were then identified for as many well scoring project types as possible, given available resources. Below are the sixteen critical paths. Each of the sixteen critical paths has associated performance metrics, including those required by federal law.
A41: Investment programs for the 2026 - 2030 TIP
A42: Sixty six project types were identified as eligible for FHWA or FTA funds. Each of the project types were organized into one of thirteen investment programs. Each of the investment programs is assigned to one of NIRPC's working groups. Each of the project types were scored for their direct and indirect impacts on the NWI 2050+ Plan critical paths to achieve the vision for Northwestern Indiana. Below are the thirteen investment programs (ranked by the average score of the project types that make up the program). All funding decisions are subject to final approval of the Commission. The Commission may elect to reprioritize funding targets at its discretion and make awards to projects that are eligible under federal and state guidelines. All project applications will be self-scored by applicants, receive a preliminary score through internal deliberation by NIRPC staff, and then receive a final score by the assigned working group. The Transportation Committee will review scores and recommend a portfolio of fiscally constrained projects to ultimately fund in the 2028-2032 TIP.
A49: Program name | D49: Topical committee assigned to review applications | G49: Project types in program | R49: Funding source targeted? | T49: Additional eligibility determination required?
A52: Infrastructure
A53: Air quality | D53: Environment Committee | G53: Alternative fuel infrastructure | R53: CMAQ, CRP | T53: Yes, air quality benefit calculation | Y53: =G53 -> Alternative fuel infrastructure | AD53: 1
G54: Description: electric or natural gas fuel infrastructure | Y54: =G55 -> Vehicle emission reduction (new or modification) | AD54: 1
G55: Vehicle emission reduction (new or modification) | R55: CMAQ, CRP | T55: Yes, air quality benefit calculation | Y55: =G57 -> Air quality education | AD55: 2
G56: Description: funds to assist with procuring or retrofitting vehicles to reduce emissions
G57: Air quality education | R57: CMAQ | T57: Yes, air quality benefit calculation
G58: Description: Program to increase awareness and knowledge of pollution in order to reduced emissions
A59: Complete streets | D59: Ped, Pedal, & Paddle | G59: Transportation projects for ADA compliance w/ universal design | R59: STBG | T59: Yes, address ADA transition plan | Y59: =G59 -> Transportation projects for ADA compliance w/ universal design | AD59: 1
G60: Description: projects that address ADA transition plans along federal-aid roadways | Y60: =G61 -> Bicycle/pedestrian signals & other safety modifications | AD60: 1
G61: Bicycle/pedestrian signals & other safety modifications | R61: TA, HSIP | T61: No | Y61: =G63 -> On-road trails | AD61: 1
G62: Description: HAWK, pedestrian count downs, speed tables, refuge islands, etc. along federal-aid roadways | Y62: =G65 -> Sidewalks I (on Major Collectors & above) | AD62: 1
G63: On-road trails | R63: STBG, TA, CRP | T63: No | Y63: =G67 -> Sidewalks II (on other streets & roads) | AD63: 2
G64: Description: bicycle lanes/cycle tracks along federal-aid roadways as a standalone project that do not require reconstruction or widening | Y64: =G69 -> Traffic calming | AD64: 1
G65: Sidewalks I (on Major Collectors & above) | R65: STBG, HSIP | T65: No | Y65: =G71 -> Safe Routes to School infrastructure projects | AD65: 1
G66: Description: sidewalks along busy (major collectors, and arterials) federal-aid roadways as a standalone project | Y66: =G73 -> Bicycle infrastructure | AD66: 1
G67: Sidewalks II (on other streets & roads) | R67: STBG | T67: No | Y67: =G75 -> Safe Routes to School non-infrastructure projects | AD67: 1
G68: Description: sidewalks along other federal-aid roadways as a standalone project | Y68: =G77 -> Construct / install / maintain of signs at bike/ped xings in school zone | AD68: 2
G69: Traffic calming | R69: HSIP | T69: Yes, through INDOT | Y69: =G79 -> Lighting | AD69: 2
G70: Description: treatments that reduce travel speed and improve ped/bike comfort
G71: Safe Routes to School infrastructure projects | R71: TA | T71: No
G72: Description: projects around school zones (can be off federal-aid roads, but only near K-8 schools)
G73: Bicycle infrastructure | R73: TA | T73: No
G74: Description: bicycle racks, signage, & ancillary treatments to support cycling
G75: Safe Routes to School non-infrastructure projects | R75: TA | T75: No
G76: Description: funds to support Safe Routes to School educational or planning activities
G77: Construct / install / maintain of signs at bike/ped xings in school zone
G78: Description: bike and pedestrians crossings in school zones along federal-aid roadways
G79: Lighting | R79: STBG, CRP | T79: No
G80: Description: lighting (new or modernized) on streets & trails as a standalone project
A81: Environment | D81: Environment Committee | G81: Stormwater management / control / prevention | R81: PROTECT, TA | T81: No | Y81: =G81 -> Stormwater management / control / prevention | AD81: 1
G82: Description: funds to reduce stormwater as a standalone project | Y82: =G83 -> Contrib. to restore / enhance / create habitats/wetlands or mitigation bank | AD82: 2
G83: Contrib. to restore / enhance / create habitats/wetlands or mitigation bank | R83: PROTECT, TA | T83: No | Y83: =G85 -> Vegetation management in ROWs | AD83: 2
G84: Description: improve habitats + wetlands as a standalone project or bank land for mitigation | Y84: =G87 -> Vehicle related wildlife mortality reduction | AD84: 2
G85: Vegetation management in ROWs | R85: PROTECT, TA | T85: No
G86: Description: funds to assist in the management of vegetation (including trees) along federal-aid roadways
G87: Vehicle related wildlife mortality reduction
G88: Description: treatments to reduce the death of wildlife and improve safety for vehicles
A89: Multi-Use Trails | D89: Ped, Pedal, & Paddle Committee | G89: Off-road trails | R89: STBG, TA | T89: No | Y89: =G89 -> Off-road trails | AD89: 1
G90: Description: construction of non-recreational trails
A91: New roadways | D91: Surface Transportation Committee and Land Use Committee | G91: New bridge / roadway / tunnel construction | Y91: =G91 -> New bridge / roadway / tunnel construction | AD91: 3
G92: Description: new roadways, bridges, or tunnels | Y92: =G93 -> Roadway expansion | AD92: 3
G93: Roadway expansion | T93: Yes, through MTP; Air Quality
G94: Description: widening of roadways to address congestion
A95: Planning | D95: Transit Operators Roundtable | G95: Transit planning and administrative oversight | R95: 5307 | T95: No | Y95: =G95 -> Transit planning and administrative oversight | AD95: 1
G96: Description: funding to plan and oversee transit | Y96: =G97 -> Transportation planning (general) | AD96: 1
D97: Technical Planning Committee | G97: Transportation planning (general) | R97: STBG, CMAQ | Y97: =G99 -> Development of regional environmental protection plans | AD97: 1
G98: Description: funds to conduct transportation planning across all modes | Y98: =G101 -> Data collection / software / equip. or devel./implement of PbP system | AD98: 3
D99: Environment Committee | G99: Development of regional environmental protection plans | R99: STBG, PROTECT | Y99: =G103 -> Safety data collection / analysis and improvement of data | AD99: 3
G100: Description: planning funds to address environmental protection and transportation linkages, Climate Risk or Resiliency Studies. Includes vulnerability and adaptation plans, such as flood resilience and response plans. | Y100: =G105 -> Transportation safety planning or road safety audits | AD100: 2
D101: Surface Transportation Committee | G101: Data collection / software / equip. or devel./implement of PbP system | Y101: =G107 -> Land Use / Corridor Plan | AD101: 2
G102: Description: funding to assist with performance-based planning
G103: Safety data collection / analysis and improvement of data
G104: Description: funds to assist in the collection of safety data and analysis of the data
G105: Transportation safety planning or road safety audits
G106: Description: funds to specifically conduct transportation safety planning or road safety audits
D107: Land Use Committee | G107: Land Use / Corridor Plan
G108: Description: Funds to conduct plans that connect land use and transportation within CLC areas
A109: Transit Oriented Development | D109: Land Use Committee | G109: TOD Planning | R109: STBG, 5307 | T109: Yes, located in CLC or TOD area | Y109: =G109 -> TOD Planning | AD109: 1
G110: Description: Planning for projects in a TOD or around a transit station | Y110: =G111 -> TOD - Supportive Policy | AD110: 1
G111: TOD - Supportive Policy | Q111: Tier 1 | S111: Yes, located in CLC or TOD area | Y111: =G113 -> TOD Implementation | AD111: 1
G112: Description: to develop policy for affordable housing, equitible developments, TOD design guidelines or other zoning /overlay/ ordinance (require NIRPC approval before submitting)
G113: TOD Implementation | R113: STBG, 5307 | T113: Yes, located in CLC or TOD area
G114: Description: Funding to construct transportation projects witin TOD area
A115: Roadway Modifications | D115: Surface Transportation Committee | G115: Roadway Rehabilitation - Safety | R115: HSIP | T115: Yes, through INDOT | Y115: =G115 -> Roadway Rehabilitation - Safety | AD115: 1
G116: Description: treatments that reduce motorized vehicular speed and improve ped/bike safety | Y116: =G117 -> Intersection safety modifications | AD116: 1
G117: Intersection safety modifications | R117: HSIP | T117: Yes, through INDOT | Y117: =G119 -> Intelligent Transportation Systems | AD117: 2
G118: Description: projects that attempt to improve safety at intersections | Y118: =G121 -> Pavement rehabilitation or reconstruction | AD118: 2
G119: Intelligent Transportation Systems | Y119: =G123 -> Railway-highway grade crossings | AD119: 2
G120: Description: projects that use technology to increase efficiency of transportation system (usually a state level initiative) | Y120: =G125 -> Intersection congestion modifications | AD120: 2
G121: Pavement rehabilitation or reconstruction | R121: STBG, PROTECT | T121: No | Y121: =G127 -> Traffic monitoring / management / control | AD121: 2
G122: Description: projects that rehabilitate or reconstruct federal-aid roads | Y122: =G129 -> Bridge replacement, rehabilitation or reconstruction | AD122: 2
G123: Railway-highway grade crossings | R123: HSIP | T123: Yes, through INDOT | Y123: =G131 -> Emergency communications equipment / priority control systems | AD123: 2
G124: Description: projects that address safety issues at railroad crossings | Y124: =G133 -> Travel demand management strategies / programs | AD124: 2
G125: Intersection congestion modifications | R125: CMAQ | T125: Yes, air quality benefit calculation | Y125: =G135 -> Traffic Signal moderization | AD125: 2
G126: Description: projects that attempt to reduce congestion at bottleneck locations | Y126: =G137 -> Safety devices/control, rumbles, skid resist., or remove obstacles at crash loc. | AD126: 1
G127: Traffic monitoring / management / control | Y127: =G139 -> Construction and operational modifications on high-risk rural roads | AD127: 3
G128: Description: funding for the monitoring and management of traffic (usually a state level initiative) | Y128: =G141 -> Highway signs for retroreflectivity | AD128: 1
G129: Bridge replacement, rehabilitation or reconstruction | R129: STBG, PROTECT | T129: No | Y129: =G143 -> Pavement and shoulder widening to remedy unsafe conditions | AD129: 1
G130: Description: projects that rehabilitate or reconstruct bridges on federal-aid roads | Y130: =G145 -> Fringe and corridor parking facilities / programs | AD130: 3
G131: Emergency communications equipment / priority control systems | Y131: =G147 -> Conduct model traffic enforcement activity at rail/highway crossing | AD131: 3
G132: Description: funds to implement projects for emergency communication + signal preemption
G133: Travel demand management strategies / programs
G134: Description: funds that assist with reducing the demand for travel and congestion
G135: Traffic Signal moderization | R135: STBG, CRP
G136: Description: project to replace traffic control devices with energy-efficient alternatives. See also Complete Streets
G137: Safety devices/control, rumbles, skid resist., or remove obstacles at crash loc.
G138: Description: standalone projects to improve safety w/ specific treatments on federal-aid roadways
G139: Construction and operational modifications on high-risk rural roads
G140: Description: projects on federal-aid rural roads that improve safety
G141: Highway signs for retroreflectivity
G142: Description: standalone projects that increase visibility of roadway signs
G143: Pavement and shoulder widening to remedy unsafe conditions
G144: Description: projects that add width to address unsafe conditions with road narrowness
G145: Fringe and corridor parking facilities / programs
G146: Description: construction of parking lots for car/vanpooling and transit kiss & rides
...

Sheet Application
A1: Transit - Operating / Preventative Maintenance
A3: Name of municipality or transit operator: | R3: County
A4: Name of applicant on behalf of municipality or transit operator: | R4: ='Start here'!U83:V83
A5: Environment program application (see program + project types tab for more info) | M5: Financial information about project: | R5: Total in $ | T5: Max. fed share | V5: Min. fed share | X5: Your match
A6: Below are the project types for this program | M6: Step 1 | N6: Total estimated annual amount requested | T6: =SUM(R6*0.8) -> 0 | V6: =SUM(R6-T6) -> 0
A7: ='Program & project types'!Y150 -> Complementary paratransit service to fixed route service | K7: ='Program & project types'!AD150 -> 1 | R7: If you elect to match more than the minimum required this will be considered overmatch for scoring purposes ▲
A8: ='Program & project types'!Y151 -> Operating assistance | K8: ='Program & project types'!AD151 -> 1
A9: ='Program & project types'!Y152 -> Operational support equipment / computer hard/software | K9: ='Program & project types'!AD152 -> 1 | N9: According to your match entry you are over/under matched by ► | X9: =SUM(X6-V6) -> 0
M10: Step 2 | N10: Operating Assistance Projects are matched at 50/50 rate. All other programs are matched at an 80/20 rate. Please provide figures in uninflated 2026 dollars.
N12: You have elected to match your project costs at the rate of ► | W12: =SUM(X6/R6) -> #DIV/0!
N13: Your total match for scoring purposes is ► | W13: =SUM(X10+X6)/R6 -> #DIV/0!
M17: General project information:
M18: Will this project seek to flex funds from FHWA to FTA? (y/n) ►
M19: Please describe what these funds are for and when, be descriptive ▼
A26: Choose a project type for this application ▼ | M26: Please provide details about the project, and all years this project will span (FY 2028, FY2029, etc) as well as any other notes ▼
A30: Maps
A31: Transit Access | G31: Click Here!
A32: Traditionally Underserved Block Groups
A33: Municipal Boundaries
A34: Liveable Centers
A35: Over 65 and older population
A36: Hospitals and Medical Care Facilities

Sheet Financial
A1: Operating Assistance / Capital Cost of Contracting / Complementary Paratransit
A2: If this application is for a capital purchase, you do not need to complete this tab. This financial tab will help NIRPC determine the total amount of in-grant carryover that can be applied to the total need of your funding request. Additionally, this tab will generate a "Total Performance Score" generated through the accuracy of a recipient's grant request and spending history and a recipient's transit performance data. This score will be generated automatically using figures from the National Transit Database's unlinked passenger trips data and passenger revenue mile. The lower your score the better. Applicants in the 90th percentile will receive 10 bonus points to their application. 70th - 89th will receive 8 bonus points. 50th - 69th will receive 6 bonus points. 30th - 49th will receive 4 bonus points. And 29th percentile or lower will receive 4 bonus points. An incomplete or inaccurate financial tab will provide 0 bonus points. | G2: Blue cells are editable by the applicant
G3: Yellow cells are locked for calculations
A9: Historic Awards, Expenditures, and Carryover
A10: Please use the box below to document the last five years of obligation, spending, and award history for projects of this type (Operating Assistance, Capital Cost of Contracting, or Complementary Paratransit)
B13: Local Funds Only | C13: Federal Funds Only
B14: Local Funds spent within FY: | C14: Awarded in TIP: | D14: Obligated in Grant: | E14: Spent within FY: | F14: Difference (TIP / Grant): | G14: Difference (TIP / Spent): | H14: Estimated in-grant Carryover: | I14: Notes:
A15: 2021 | B15: 0 | C15: 0 | D15: 0 | E15: 0 | F15: =C15-D15 -> 0 | G15: =C15-E15 -> 0 | H15: =D15-E15 -> 0 | I15: (insert text here)
A16: 2022 | B16: 0 | C16: 0 | D16: 0 | E16: 0 | F16: =C16-D16 -> 0 | G16: =C16-E16 -> 0 | H16: =D16-E16 -> 0 | I16: (insert text here)
A17: 2023 | B17: 0 | C17: 0 | D17: 0 | E17: 0 | F17: =C17-D17 -> 0 | G17: =C17-E17 -> 0 | H17: =D17-E17 -> 0 | I17: (insert text here)
A18: 2024 | B18: 0 | C18: 0 | D18: 0 | E18: 0 | F18: =C18-D18 -> 0 | G18: =C18-E18 -> 0 | H18: =D18-E18 -> 0 | I18: (insert text here)
A19: 2025 | B19: 0 | C19: 0 | D19: 0 | E19: 0 | F19: =C19-D19 -> 0 | G19: =C19-E19 -> 0 | H19: =D19-E19 -> 0 | I19: (insert text here)
A20: 2026 | B20: 0 | C20: 0 | D20: 0 | E20: 0 | F20: =C20-D20 -> 0 | G20: =C20-E20 -> 0 | H20: =D20-E20 -> 0 | I20: (insert text here)
A21: Total: | B21: =SUM(B15:B20) -> 0 | C21: =SUM(C15:C20) -> 0 | D21: =SUM(D15:D20) -> 0 | E21: =SUM(E15:E20) -> 0 | F21: =SUM(F15:F20) -> 0 | G21: =SUM(G15:G20) -> 0 | H21: =SUM(H15:H20) -> 0
A23: Average: | B23: =AVERAGE(B15:B20) -> 0 | C23: =AVERAGE(C15:C20) -> 0 | D23: =AVERAGE(D15:D20) -> 0 | E23: =AVERAGE(E15:E20) -> 0 | F23: =AVERAGE(F15:F20) -> 0 | G23: =AVERAGE(G15:G20) -> 0 | H23: =AVERAGE(H15:H21) -> 0
B25: 2021-2022 | C25: 2022-2023 | D25: 2023-2024 | E25: 2024-2025 | F25: 2025-2026 | G25: Average Percentage Change 2019-2024
A26: Historic Percentage Change in TIP Requests: | B26: =(C16-C15)/C15 -> #DIV/0! | C26: =(C17-C16)/C16 -> #DIV/0! | D26: =(C17-C16)/C16 -> #DIV/0! | E26: =(C19-C18)/C18 -> #DIV/0! | F26: =(C20-C19)/C19 -> #DIV/0! | G26: =AVERAGE(B26:F26) -> #DIV/0!
A27: Historic Percentage Change in Expenditure: | B27: =(E16-E15)/E15 -> #DIV/0! | C27: =(E17-E16)/E17 -> #DIV/0! | D27: =(E18-E17)/E17 -> #DIV/0! | E27: =(E19-E18)/E18 -> #DIV/0! | F27: =(E20-E19)/E19 -> #DIV/0! | G27: =AVERAGE(B27:F27) -> #DIV/0!
A29: Estimated Available Carryover
A30: Of the total estimated available carryover generated in the previous table, and indicated in the pale yellow box below. Please indicate how much carryover is available from which funding source.
C33: Source of In-Grant Carryover Funds:
B34: Total | C34: 5307 | D34: 5310 | E34: 5339 | F34: 5337
A35: Total In-Grant Carryover to support this type of project: | B35: =H21 -> 0 | C35: 0 | D35: 0 | E35: 0 | F35: 0
A37: In the next table, please indicate if you have an carryover that has been split to you, but has not yet been obligated into a grant. This section is for direct recipients only. Subrecipients may skip ahead to the "Requested Funding" section.
C40: Unobligated Carryover Funds:
C41: 5307 | D41: 5310 | E41: 5339 | F41: 5337
A42: Total Unobligated Carryover: | B42: 0 | C42: 0 | D42: 0 | E42: 0 | F42: 0
A44: Requested Funding
A45: Please use the box below to document every year you are requesting funding and for how much. Please use 2021 dollars to indicate your anticipated need. NIRPC will calculate inflation and estimated step ups based on historic spending. NIRPC will also use your estimated in-grant carryover from the last section to calculate your total need. The requested funds in this table should match the funds and years requested in the "Application" tab. Please keep in mind the funding source you request may not necessarily be the same funding source as the final award.
B47: Requested Operating Assistance: | C47: 5307 | D47: 5310 | E47: 5339 | F47: 5337
B48: 2026 | C48: 0 | D48: 0 | E48: 0 | F48: 0
B49: 2027 | C49: 0 | D49: 0 | E49: 0 | F49: 0
B50: 2028 | C50: 0 | D50: 0 | E50: 0 | F50: 0
B51: 2029 | C51: 0 | D51: 0 | E51: 0 | F51: 0
B52: 2030 | C52: 0 | D52: 0 | E52: 0 | F52: 0
A55: Performance Metrics Available through NTD
A56: Please only use metrics as they are reported through the National Transit Database
C58: UPT (Ridership) | D58: Federal Subsidy per Passenger (Awarded) | E58: Federal Subsidy per Passenger (Obligated) | F58: Federal Subsidy per Passenger (Spent)
B59: 2019 | C59: 0 | D59: =C15/C59 -> #DIV/0! | E59: =D15/C59 -> #DIV/0! | F59: =E15/C59 -> #DIV/0!
B60: 2020 | C60: 0 | D60: =C16/C60 -> #DIV/0! | E60: =D16/C60 -> #DIV/0! | F60: =E16/C60 -> #DIV/0!
B61: 2021 | C61: 0 | D61: =C17/C61 -> #DIV/0! | E61: =D17/C61 -> #DIV/0! | F61: =E17/C61 -> #DIV/0!
B62: 2022 | C62: 0 | D62: =C18/C62 -> #DIV/0! | E62: =D18/C62 -> #DIV/0! | F62: =E18/C62 -> #DIV/0!
B63: 2023 | C63: 0 | G63: (Data only available to 2018)
B64: 2024 | C64: 0
B66: Average Fed Subsidy by Rider: | D66: =AVERAGE(D59:D62) -> #DIV/0! | E66: =AVERAGE(E59:E62) -> #DIV/0! | F66: =AVERAGE(F59:F62) -> #DIV/0!
B67: Total average Fed Subsidy by Rider: | C67: (Lower is better) | F67: =AVERAGE(D59:F62) -> #DIV/0!
C69: Passenger Miles | D69: Fed Subsidy per PM (Awarded) | E69: Fed Subsidy per PM (Obligated) | F69: Federal Subsidy per PM (Spent)
B70: 2019 | C70: 0 | D70: =C15/C70 -> #DIV/0! | E70: =D15/C70 -> #DIV/0! | F70: =E15/C70 -> #DIV/0!
B71: 2020 | C71: 0 | D71: =C16/C71 -> #DIV/0! | E71: =D16/C71 -> #DIV/0! | F71: =E16/C71 -> #DIV/0!
B72: 2021 | C72: 0 | D72: =C17/C72 -> #DIV/0! | E72: =D17/C72 -> #DIV/0! | F72: =E17/C72 -> #DIV/0!
B73: 2022 | C73: 0 | D73: =C18/C73 -> #DIV/0! | E73: =D18/C73 -> #DIV/0! | F73: =E18/C73 -> #DIV/0!
B74: 2023 | G74: (Data only available to 2018)
B75: 2024
B77: Average Fed Subsidy by Passenger Revenue Mile: | D77: =AVERAGE(D70:D73) -> #DIV/0! | E77: =AVERAGE(E70:E73) -> #DIV/0! | F77: =AVERAGE(F70:F73) -> #DIV/0!
B78: Total average Fed Subsidy by Passenger Revenue Mile: | F78: =AVERAGE(D70:F73) -> #DIV/0!
B81: Total Performance Score: | C81: (Lower is better) | F81: =F78+F67 -> #DIV/0!

Sheet Checklist
A2: 2026 NOFA Review & Checklist
A3: Application | R3: completed?
B4: Review Start here & Application worksheets; is there an answer in all blue outlined boxes?
A5: Supporting Documents | R5: Included? (y/n/na)
A6: The following items are required with all Project Applications. Please include all items in one pdf document with a table of contents.
A7: 1 | B7: A cover letter giving an overview of the project (Problem & Need), location, total estimated cost (PE/ ROW/ CN/ CE), desired timeline,and any other pertinent information. It must be on the sponsor's letterhead and be signed by the highest official.
A8: 2 | B8: A map of the project area with the project drawn on it.
A9: 3 | B9: An itimized estimate for CN (and CE) given in CY 2025 dollars (not inflated).
A10: 4 | B10: Letters of financial support by the LPA (and others if applicable).
A11: 5 | B11: If this is a bridge or a roadway project; Most recent bridge inspection report (summary is OK) or roadway PAZER rating.
A12: 6 | B12: If the project involves an intersection or road bordering, owned or maintained by others, a letter of concurrence by that entity.
A13: 7 | B13: Application Questions Narrative Summary (summary of your application with your justification for scoring on each question).
A14: 8 | B14: Any supporting maps as given by NIRPC or others, including employment centers radius, EJ, etc
A15: 9 | B15: Sections of the municipality's Master Plan, if available, highlighting how this project supports that plan.
A16: 10 | B16: If you are applying for HSIP funding, please include a completed Traffic Safety Asset Management (TSAM) Scoresheet from INDOT (https://www.in.gov/indot/traffic-engineering/traffic-guidance-documents/). (Traffice Engineering References; Part B - Traffic Safety; Traffic Safety Asset Management Scoresheet - V26.4)
B19: Also include the following:
B20: a | C20: Commitment of maintenance of HSIP installation by the LPA
B21: b | C21: Commitment by ERC and one Emergency Director (Fire/Police Chief) to participate in Road Safety Audit sponsored by NIRPC (if already haven't participated in one).
A23: 11 | B23: If you are applying for CMAQ funding, please include a completed CMAQ Request Form from NIRPC. This form will have the calulations from the CMAQ Emissions Calculator Toolkit from https://www.fhwa.dot.gov/environment/air_quality/cmaq/toolkit/
A25: 12 | B25: If you are proposing phasing your project please include:
B26: a | C26: A plan for phasing
B27: b | C27: A proposed schedule for future phases
B28: c | C28: An inflated cost estimate for each future phase
B29: d | C29: A financial plan for the entire suite
A30: 13 | B30: The Des # Application form has been filled out as completely as possible
A31: 14 | B31: If the LPA is submitting more than one project, are the projects ranked according to importance by the LPA?
A32: 15 | B32: Any other documents(s) that support and strengthen your project's application.
A33: 16 | B33: All items on this list are in one pdf document with a table of contents.
A34: Please upload this workbook and all supporting documents here. https://rtip.nirpc.org/secure2/xtip_amend_menu.asp?amend_type=CFP
A36: If there are any questions please contact Charles Bradsky at NIRPC (219-254-2509; cbradsky@nirpc.org)
